 Dungeon Crawl Stone Soup version 0.30-a0-1043-g60ff8d5f49 (webtiles) character file.

Game seed: 5146494946000937609

6 domi the Caller (level 1, -1/13 HPs)
             Began as a Mummy Summoner on Apr 10, 2023.
             Slain by a quokka (4 damage)
             ... on level 1 of the Dungeon.
             The game lasted 00:00:30 (219 turns).

domi the Caller (Mummy Summoner)                     Turns: 219, Time: 00:00:30

Health: -1/13      AC:  2    Str: 11    XL:     1   Next: 75%
Magic:  2/4        EV: 12    Int: 14    God:
Gold:   13         SH:  0    Dex: 12    Spells: 4/5 levels left

rFire   x . .      SeeInvis .    b - +0 short sword
rCold   + . .      Faith    +    (no shield)
rNeg    + + +      Spirit   .    a - +0 robe
rPois   ∞          Reflect  .    (no helmet)
rElec   .          Rampage  .    (no cloak)
rCorr   .                        (no gloves)
Will    .....                    (no boots)
Stlth   ++                       (no amulet)
HPRegen 0.22/turn                (no ring)
MPRegen 0.09/turn                (no ring)

@: no status effects
A: cold resistance 1, negative energy resistance 3, torment resistance 2, heat
vulnerability 1, no potions, faith
a: no special abilities


You were on level 1 of the Dungeon.
You visited 1 branch of the dungeon, and saw 1 of its levels.

You collected 13 gold pieces.

Inventory:

Hand Weapons
 b - a +0 short sword (weapon)
   (You found it on level 1 of the Dungeon)
Armour
 a - a +0 robe (worn)


   Skills:
 - Level 1.5 Dodging
 - Level 1.5 Stealth
 - Level 2.6 Spellcasting
 + Level 3.5 Summonings


You had 4 spell levels left.
You knew the following spells:

 Your Spells              Type           Power      Damage    Failure   Level
z - Summon Small Mammal   Summ           44%        N/A       4%          1

Your spell library contained the following spells:

 Spells                   Type           Power      Damage    Failure   Level
 Call Imp                 Summ           22%        N/A       8%          2
 Call Canine Familiar     Summ           11%        N/A       16%         3
 Summon Guardian Golem    Hex/Summ       6%         N/A       32%         3
 Summon Lightning Spire   Summ/Air       6%         N/A       71%         4


Dungeon Overview and Level Annotations

Branches:
Dungeon (1/15)

Altars:


Innate Abilities, Weirdness & Mutations

You are immune to poison.
Your flesh is cold resistant. (rC+)
You are immune to negative energy. (rN+++)
You are immune to unholy pain and torment.
You are vulnerable to heat. (rF-)
You do not drink.
You have a special connection with the divine. (Faith)


Message History

A ball python comes into view.
Your bat hits the ball python.
The ball python closely misses your bat. x2
The ball python misses your bat.
The ball python closely misses your bat.
Your bat barely misses the ball python.
The ball python bites your bat. The ball python grabs your bat.
The ball python constricts your bat.
Your bat hits the ball python.
Your bat closely misses the ball python.
The ball python bites your bat.
Your bat dies!
Your bat's corpse disappears in a puff of smoke!
Your quokka misses the ball python. The ball python bites your quokka.
The ball python grabs your quokka. The ball python constricts your quokka.
Your quokka bites the ball python.
The ball python dies!
Your quokka disappears in a puff of smoke!
You open the door.
There is an open door here.
There is an open door here.
As you open the door, it creaks loudly!
You open the door.
There is an open door here.
You open the door.
There is an open door here.
You open the door.
There is an open door here.
You see here a +0 short sword.
An endoplasm comes into view.
An endoplasm is nearby!
An endoplasm is nearby!
An endoplasm is nearby!
Unknown command.
You swap places.
You see here a +0 short sword.
b - a +0 short sword You swap places.
b - a +0 short sword (weapon)
The endoplasm barely misses your rat.
Your rat bites the endoplasm.
The endoplasm closely misses your rat.
Your rat bites the endoplasm.
The endoplasm closely misses your rat.
Your rat bites the endoplasm.
The endoplasm dies!
Your rat disappears in a puff of smoke!
You swap places.
A rat comes into view.
A rat is nearby!
A rat is nearby!
A rat is nearby!
A rat is nearby!
Your rat disappears in a puff of smoke!
The helpless rat fails to defend itself.
You puncture the rat!
You kill the rat!
You see here a rat corpse.
You open the door.
A hobgoblin comes into view.
Found a stone staircase leading down.
A hobgoblin is nearby!
A hobgoblin is nearby!
A hobgoblin is nearby!
The hobgoblin hits you.
You completely miss the hobgoblin. The hobgoblin hits you.
Your rat bites the hobgoblin.
You hit the hobgoblin but do no damage. The hobgoblin completely misses you.
Your rat bites the hobgoblin.
The hobgoblin dies!
There is an open door here.
You see here a hobgoblin corpse.
Your rat disappears in a puff of smoke!
A goblin and a kobold come into view.
The goblin shouts!
A quokka comes into view.
The goblin moves out of view.
There are monsters nearby!
There are monsters nearby!
There are monsters nearby!
There are monsters nearby!
A giant cockroach comes into view.
The kobold shouts!
Your quokka disappears in a puff of smoke!
The giant cockroach misses your bat.
Your bat hits the giant cockroach but does no damage.
You hit the goblin.
Your bat closely misses the giant cockroach.
Your bat barely misses the goblin.
The goblin misses you.
Your bat barely misses the goblin.
You hit the goblin.
You kill the goblin!
Your bat hits the giant cockroach but does no damage.
Your bat hits the quokka but does no damage.
The quokka bites you. The kobold barely misses your bat.
Your bat hits the kobold. The quokka bites you.
You swap places.
Your bat hits the giant cockroach but does no damage.
Your bat barely misses the quokka.
Your bat hits the giant cockroach but does no damage.
Your bat barely misses the quokka.
The kobold hits you with a +0 whip.
* * * LOW HITPOINT WARNING * * *
The quokka bites you.
You die...

# ### #. ..# #.###.#
#...#.# #.b...#
#.#.#B..#########
...............>#######
#.###..b#.#............
#.....r@#.#............
#####.#K#.#...........)
#...#.#............
#...#.#............
#.#.#.#####†#######
#+#.#.##....# ..!
#....# .## #....#
#....#


You could see a quokka (ally target), a giant cockroach (ally target), a kobold
and 2 friendly bats.

Vanquished Creatures
  A goblin (D:1)
  A rat (D:1)
2 creatures vanquished.

Vanquished Creatures (collateral kills)
  A ball python (D:1)
  An endoplasm (D:1)
  A hobgoblin (D:1)
3 creatures vanquished.

Grand Total: 5 creatures vanquished

Notes
Turn   | Place    | Note
-------+----------+-------------------------------------------
     0 | D:1      | domi the Mummy Summoner began the quest for the Orb.
     0 | D:1      | Reached XP level 1. HP: 13/13 MP: 4/4
   219 | D:1      | HP: 3/13 [kobold/+0 whip (4)]
   219 | D:1      | Slain by a quokka

Illustrated notes

Levels and vault maps discovered:
D:1:      minmay_arrival_cross, layout_basic

Action                     || total
---------------------------++-------
  Melee: Short sword       ||     5
   Cast: Summon Small Mamm ||     8
   Stab: Sleeping          ||     1
  Dodge: Dodged            ||     2

Table legend: (Time is in decaauts)
 A = Elapsed time spent in this place.
 B = Non-inter-level travel time spent in this place.
 C = Inter-level travel time spent in this place.
 D = Time resting spent in this place.
 E = Time spent auto-exploring this place.
 F = Levels seen in this place.
 G = Mean time per level.
                   A        B        C        D        E       F      G
               +--------+--------+--------+--------+--------+-----+--------+
         Total |    218 |    218 |      0 |      0 |    170 |   1 |  218.0 |
       Dungeon |    218 |    218 |      0 |      0 |    170 |   1 |  218.0 |
               +--------+--------+--------+--------+--------+-----+--------+

Top non-repeatable levels by time:
     D:1: 218 daAuts

Table legend:
 A = Kills in this place as a percentage of kills in the entire game.
 B = Kills by you in this place as a percentage of kills by you in the entire game.
 C = Kills by friends in this place as a percentage of kills by friends in the entire game.
 D = Other kills in this place as a percentage of other kills in the entire game.
 E = Experience gained in this place as a percentage of experience gained in the entire game.
 F = Experience gained in this place divided by the number of levels of this place that you have seen.
                   A       B       C       D       E      F
               +-------+-------+-------+-------+-------+----------------------
         Total | 100.0 | 100.0 | 100.0 |   N/A | 100.0 |   9.0
       Dungeon | 100.0 | 100.0 | 100.0 |   N/A | 100.0 |   9.0
               +-------+-------+-------+-------+-------+----------------------
